Map: Orbital Shipyard

Players

Miltreta

  • Race: Terran Terran
  • League: Bronze

shARknado - Winner!

  • Race: Terran Terran
  • League: Silver

VOD

Have the link to the VOD?

Description

Time

  • Played on: March 10, 2016, 8:43 a.m.
  • Length: 12:56
Show
View Real Time Build Order
Export as new Build Order

Miltreta Terran 

Build Orders:  

Get SALT Encoding   

  12  0:01  SCV  
  13  0:13  SCV  
  14  0:27  Supply Depot  
  14  0:35  SCV, Refinery  
  15  0:52  Barracks  
  15  0:56  SCV  
  16  1:11  SCV  
  17  1:23  SCV  
  18  1:38  Refinery  
  17  1:56  Reaper  
  17  1:58  SCV  
  19  2:13  Supply Depot  
  19  2:20  SCV, Refinery  
  20  2:34  SCV  
  21  2:37  Supply Depot  
  21  2:40  Barracks Tech Lab  
  21  2:47  Barracks  
  21  2:53  Command Center  
  21  3:12  Factory  
  21  3:18  Marine  
  22  3:33  Orbital Command  
  22  3:59  Command Center, Refinery  
  22  4:05  Refinery  
  22  4:07  SCV  
  23  4:12  Marauder  
  26  4:18  Barracks Reactor  
  26  4:23  Widow Mine  
  27  4:29  SCV  
  27  4:30  SCV, Starport  
  29  4:33  Marauder  
  31  4:45  SCV, Engineering Bay  
  32  4:46  SCV  
  32  4:52  Hellion  
  35  4:53  Combat Shields  
  35  4:54  Marine  
  36  5:12  Medivac, Marine  
  39  5:18  SCV, Refinery  
  40  5:22  Orbital Command  
  40  5:25  SCV  
  41  5:30  SCV  
  41  5:32  Marauder  
  44  5:37  SCV  
  45  5:46  Marine  
  45  5:47  Marine  
  49  6:01  Factory Tech Lab  
  47  6:10  SCV  
  47  6:11  SCV x2  
  49  6:12  Missile Turret  
  39  6:32  Terran Infantry Weapons Level 1  
  37  6:40  Marine x2  
  37  6:41  Marauder  
  37  6:43  Siege Tank  
  44  6:48  Infernal Pre-Igniter  
  44  7:05  SCV x3, Barracks  
  47  7:17  SCV x3  
  47  7:22  Marine x2  
  52  7:25  Marauder  
  52  7:29  SCV x3  
  57  7:30  Widow Mine  
  59  7:38  Medivac  
  59  7:41  SCV x3  
  64  7:53  SCV x3  
  67  7:58  Widow Mine  
  69  8:14  Supply Depot  
  69  8:16  Supply Depot  
  69  8:20  Supply Depot  
  69  8:23  Medivac, Marine x2  
  69  8:25  Marauder  
  69  8:26  Terran Infantry Armor Level 1  
  75  8:28  Hellion  
  74  8:46  Marauder  
  69  8:49  Hellion  
  69  8:53  Medivac  
  67  8:55  Marine x2  
  67  8:56  Marine  
  70  9:03  SCV  
  70  9:04  SCV x2  
  70  9:07  Marine  
  74  9:10  Siege Tank  
  74  9:13  Marine  
  78  9:19  Factory  
  78  9:21  Starport  
  78  9:23  Medivac  
  80  9:26  Marauder  
  82  9:43  Hellion  
  84  9:47  Marauder  
  86  9:53  Medivac  
  88  10:04  Hellion  
  86  10:21  Marine  
  86  10:22  Marine x2  
  86  10:23  Medivac  
  83  10:39  Marine x2  
  83  10:40  Marauder  
  83  10:57  Marine  
  83  11:02  Widow Mine, Marauder  
Show
View Real Time Build Order
Export as new Build Order

shARknado Terran - Winner!

Build Orders: MMM Bio 

Get SALT Encoding   

  12  0:01  SCV  
  13  0:13  SCV  
  14  0:20  Supply Depot  
  14  0:25  SCV  
  15  0:41  SCV  
  15  0:42  Barracks  
  16  0:49  Refinery  
  16  0:53  SCV  
  17  1:05  SCV  
  18  1:18  SCV  
  19  1:29  Supply Depot  
  19  1:30  SCV  
  19  1:32  Marine  
  21  1:42  SCV  
  22  1:50  Marine  
  23  1:59  Command Center  
  23  2:00  Orbital Command  
  23  2:06  Barracks  
  23  2:17  Marine  
  24  2:30  SCV  
  24  2:35  Marine  
  26  2:41  Supply Depot  
  26  2:52  SCV, Barracks  
  27  3:05  Barracks Tech Lab  
  27  3:08  Barracks Reactor  
  27  3:09  Barracks  
  27  3:12  SCV  
  28  3:13  Orbital Command  
  28  3:20  Supply Depot  
  28  3:25  Refinery  
  30  3:27  Marauder  
  30  3:31  Stimpack  
  30  3:42  Marine  
  30  3:43  Supply Depot  
  30  3:44  Marine x2  
  33  3:49  SCV x2  
  35  3:59  Engineering Bay  
  35  4:01  SCV  
  36  4:04  Engineering Bay  
  36  4:05  Supply Depot  
  36  4:07  Barracks Tech Lab  
  36  4:08  Barracks Reactor  
  36  4:15  SCV x2  
  38  4:17  Marine x2  
  40  4:27  Factory  
  40  4:29  SCV, Supply Depot  
  40  4:30  SCV  
  42  4:37  Marine x2  
  44  4:43  Marauder  
  44  4:44  Marine x2  
  48  4:48  SCV x2  
  50  4:53  Refinery  
  50  4:55  Refinery  
  50  4:56  Supply Depot  
  50  4:58  Marine x2  
  52  5:04  Terran Infantry Weapons Level 1  
  52  5:12  Terran Infantry Armor Level 1  
  52  5:17  SCV x2  
  52  5:19  Supply Depot  
  52  5:20  Marine x5  
  59  5:39  Starport  
  59  5:40  Marine x4  
  59  5:41  Marine  
  66  5:42  Supply Depot  
  66  5:43  Marauder  
  66  5:46  Factory Reactor  
  66  5:57  SCV x2  
  68  6:06  Supply Depot  
  68  6:08  Missile Turret  
  68  6:09  SCV  
  68  6:10  SCV, Missile Turret  
  70  6:18  Command Center  
  53  6:34  Marine x5  
  53  6:38  Marine  
  59  6:40  Widow Mine x2  
  59  6:44  SCV  
  59  6:45  SCV  
  65  6:52  Marine  
  65  6:53  Marauder  
  68  6:57  Marauder  
  68  6:59  Missile Turret  
  70  7:11  Marine x4  
  70  7:12  Widow Mine x2  
  78  7:17  Missile Turret, Medivac  
  78  7:20  Missile Turret  
  78  7:22  Supply Depot  
  80  7:25  Supply Depot  
  80  7:36  Missile Turret, Armory  
  80  7:37  Orbital Command  
  80  7:40  Refinery  
  80  7:50  Marine x3  
  80  7:51  Marine  
  84  7:52  Widow Mine x2, Marauder x2  
  84  7:53  Medivac  
  94  8:13  Marine x5  
  94  8:14  Refinery, Marine  
  100  8:21  Combat Shields  
  100  8:23  Medivac, Concussive Shells  
  102  8:28  Terran Infantry Armor Level 2, Terran Infantry Weapons Level 2  
  102  8:32  Marauder x2  
  106  8:34  SCV x2  
  106  8:36  SCV  
  106  8:37  Supply Depot  
  107  8:42  Supply Depot  
  90  8:54  Marine x2  
  90  8:55  Marine x3  
  94  8:56  Marauder  
  94  8:57  Widow Mine x2  
  101  9:05  SCV x3  
  101  9:07  Starport Reactor  
  104  9:13  Marauder  
  106  9:17  SCV  
  107  9:24  Marine x2  
  107  9:25  Marine x3  
  107  9:27  Widow Mine x2  
  116  9:34  Marine  
  115  10:40  Liberator x2, Marine  
  115  10:41  Marine x5  
  120  10:43  Widow Mine x2  
  118  10:58  Marine x2  
  118  10:59  Reaper, Marine x3  
  116  11:25  Marine x2  
  106  11:26  Marine x3  
  106  11:31  Marine  
  93  12:38  Supply Depot  
  93  12:40  Supply Depot  
  93  12:44  Supply Depot x2  
Tags
 
Add a new tag
Caveats
  • Supply blocks, unpowered buildings, or Contaminate may cause inaccurate times.
  • Supply counts are checked every 10 seconds.